 Dungeon Crawl Stone Soup version 0.21.1-1-g345015f (webtiles) character file.

21 timp the Magician (level 3, -1/24 HPs)
             Began as a Human Wizard on Mar 29, 2018.
             Slain by a gnoll (3 damage)
             ... on level 1 of the Dungeon.
             The game lasted 00:25:02 (1108 turns).

timp the Magician (Human Wizard)                    Turns: 1108, Time: 00:25:03

Health: -1/24      AC:  2    Str:  8    XL:     3   Next: 5%
Magic:  1/8        EV: 12    Int: 24    God:
Gold:   36         SH:  0    Dex: 11    Spells: 4/9 levels left

rFire    . . .     SeeInvis .   k - +0 dagger
rCold    . . .     Gourm    .   (no shield)
rNeg     . . .     Faith    .   a - +0 robe
rPois    .         Spirit   .   b - +0 hat
rElec    .         Reflect  .   (no cloak)
rCorr    .         Harm     .   (no gloves)
MR       .....                  (no boots)
Stlth    ++........             (no amulet)
HPRegen  0.08/turn              g - ring of wizardry
MPRegen  0.11/turn              l - +6 ring of intelligence

@: no status effects
A: no striking features
a: no special abilities


You were on level 1 of the Dungeon.
You were not hungry.

You visited 1 branch of the dungeon, and saw 2 of its levels.

You collected 36 gold pieces.

Inventory:

Hand Weapons
 h - a +0 short sword
 i - a +0 vampiric dagger
 k - a +0 dagger (weapon)
Missiles
 e - 27 stones (quivered)
Armour
 a - a +0 robe (worn)
 b - a +0 hat (worn)
Jewellery
 g - a ring of wizardry (left hand)
 l - a +6 ring of intelligence (right hand)
Scrolls
 f - a scroll of identify {unknown}
 j - a scroll of remove curse
Books
 c - a book of Minor Magic

   Spells                             Type                      Level
   a - Magic Dart                     Conjuration                  1
   b - Blink                          Translocation                2
   c - Call Imp                       Summoning                    2
   d - Slow                           Hexes                        2
   e - Conjure Flame                  Conjuration/Fire             3
   f - Mephitic Cloud                 Conjuration/Poison/Air       3
Comestibles
 d - 2 rations


   Skills:
 + Level 0.1 Fighting
 + Level 2.4 Dodging
 + Level 2.1 Stealth
 + Level 3.5 Spellcasting
 + Level 1.0 Conjurations
 + Level 1.0 Summonings
 + Level 1.0 Translocations


You had 4 spell levels left.
You knew the following spells:

 Your Spells              Type           Power        Failure   Level  Hunger
a - Magic Dart            Conj           #...         2%          1    None
b - Blink                 Tloc           N/A          4%          2    #......
c - Call Imp              Summ           #.......     4%          2    #......


Dungeon Overview and Level Annotations

Branches:
Dungeon (2/15)

Altars:


Message History

Aim: a frilled lizard The magic dart hits the frilled lizard.
The frilled lizard is heavily wounded.
A rat comes into view.
Casting: Magic Dart
Confirm with . or Enter, or press ? or * to list all spells.
You don't have enough magic to cast that spell.
Casting: Magic Dart
Confirm with . or Enter, or press ? or * to list all spells.
You don't have enough magic to cast that spell.
The frilled lizard bites you.
* * * LOW HITPOINT WARNING * * *
The rat barely misses you. The frilled lizard barely misses you.
There is a stone staircase leading up here.
The frilled lizard bites you.
* * * LOW HITPOINT WARNING * * *
You climb upwards.
The hobgoblin hits you but does no damage.
The gnoll hits you.
You die...

## #....##.##....#..##...#......
.# #.......##........#...#.#####
.####....##.#[....)...# ..#.#...#
.%..#.....#...........# .#.#.#.#
....+.......#.........# #.#.#.#
....#.................# #...#.#
.####.................##..#####.#
.# #.......#...................#
## #...#..g#..l@g######..#####.#
#...#g..#..rg..### #..#...#.#
#..##...#...#....# ..#.#.#.#
#####...........#.##.###..#)#.#.#
........)...#...#.##.#....#.#...#
.........##.#..##..#..)##.#.#####
#####.#..##.#.####.##.....#......
#####.#..##.#.#......#....#.#####
#.............#......####.#.#...#


You could see a gnoll, a hobgoblin, a frilled lizard and a rat.

Vanquished Creatures
  A leopard gecko (D:1)
  2 giant cockroaches (D:1)
  3 goblins
  A bat (D:1)
  3 frilled lizards (D:1)
  6 kobolds (D:1)
  5 rats (D:1)
21 creatures vanquished.

Notes
Turn   | Place    | Note
-------+----------+-------------------------------------------
     0 | D:1      | timp the Human Wizard began the quest for the Orb.
     0 | D:1      | Reached XP level 1. HP: 13/13 MP: 4/4
   201 | D:1      | Reached XP level 2. HP: 16/19 MP: 4/6
   257 | D:1      | Learned a level 2 spell: Blink
   410 | D:1      | Learned a level 2 spell: Call Imp
  1046 | D:1      | Reached XP level 3. HP: 24/24 MP: 6/8
  1108 | D:1      | Slain by a gnoll

Action                   || total
-------------------------++-------
Melee: Short sword       ||    24
       Dagger            ||     2
Throw: Stone             ||     7
 Cast: Magic Dart        ||    47
  Use: Scroll            ||     2
Armor: Robe              ||     9
Dodge: Dodged            ||    28
